cohdb
Replays
Latest Replays
All Replays
Popular Replays
Top Player Replays
Match Explorer
How It Works
Community
CoH3 Stats
Reddit
Sign in to upload your games and track your stats! →
Sign in with Steam
Match 47265744
Unlisted
Match 47265744
Overview
Messages
Build Orders
End
Panzergrenadier Squad
250 Light Carrier
Panzergrenadier Squad
Construct Light Support Kompanie
Combat Half-tracks
MG34 Team
Selects Panzerjäger Kommand Battlegroup
Selects Panzerjäger Kommand Battlegroup
Selects GrB 39 Grenade Launcher Requisition
Panzerjäger Squad
Fire Support Elements
2.5-tonne Medical Truck
Assault Mechanized Group
Flakvierling Half-track
Selects Mine Fields
Selects Defensive Positions
Selects Butterfly Bomb Drop
Butterfly Bomb Drop
Pak 38 Anti-tank Gun Team
Selects Crew Shock Tactics
Construct Panzerarmee Kommand
Panzer III L Medium Tank
Panzer III L Medium Tank
Butterfly Bomb Drop
Panzer III L Medium Tank
Vehicle Survival Package
Tungsten Core Ammunition
Selects Anti-tank Overwatch
Assault Mechanized Group
Emergency Repair Kits
Panzer III L Medium Tank
Rapid Advance
Anti-tank Overwatch
Panzer III L Medium Tank
Mage
Toasty McToastFace
Thunderhill
CiscoCrisco
MDiesel
Be Frabjous
water
It's Takotime
0
0
Comments
sign in to comment!
No comments posted yet!